 Dungeon Crawl Stone Soup version 0.25-a0-346-g140ab784a8 (webtiles) character file.

Game seed: 18037571035291248497, levelgen mode: deterministic

11811 PentaManta the Slicer (level 12, 0/82 HPs)
             Began as a Halfling Fighter on Jan 1, 2020.
             Was a Follower of Uskayaw.
             Slain by a death yak (13 damage)
             ... on level 10 of the Dungeon.
             The game lasted 00:31:04 (13709 turns).

PentaManta the Slicer (Halfling Fighter)           Turns: 13709, Time: 00:31:06

Health: 0/82       AC: 17    Str: 21    XL:     12   Next: 12%
Magic:  12/12      EV: 15    Int:  6    God:    Uskayaw [*.....]
Gold:   657        SH: 14    Dex: 20    Spells: 11/11 levels left

rFire    . . .     SeeInvis .   y - +2 dagger (venom)
rCold    . . .     Gourm    .   c - +1 shield
rNeg     . . .     Faith    .   N - +2 chain mail {rPois}
rPois    +         Spirit   .   E - +0 helmet
rElec    .         Reflect  .   w - +0 cloak
rCorr    .         Harm     .   (no gloves)
MR       .....                  v - +0 pair of boots
Stlth    ..........             (no amulet)
HPRegen  0.23/turn              M - ring of poison resistance
MPRegen  0.13/turn              O - +5 ring of dexterity

@: starving
A: small, mutation resistance 1
a: Stomp, Renounce Religion


You were on level 10 of the Dungeon.
You worshipped Uskayaw.
Uskayaw was noncommittal.
You were starving.

You visited 2 branches of the dungeon, and saw 12 of its levels.
You also visited: Sewer.

You collected 657 gold pieces.

Inventory:

Hand Weapons
 a - a +0 rapier
 y - a +2 dagger of venom (weapon)
 L - the +3 dagger of Fixation {antimagic, rF++}
   (You found it on level 8 of the Dungeon)

   It reduces the magical energy of the wielder, and disrupts the spells and
   magical abilities of those hit.
   Natural abilities and divine invocations are not affected.
   It greatly protects you from fire.
Missiles
 g - 93 poisoned darts (quivered)
 G - 2 throwing nets
Armour
 b - the +0 leather armour of Elitism {rElec rN+}
   (You found it on level 7 of the Dungeon)

   It insulates you from electricity.
   It protects you from negative energy.
 c - a +1 shield (worn)
 o - a +2 ring mail of fire resistance
 t - a +0 ring mail of magic resistance
 v - a +0 pair of boots (worn)
 w - a +0 cloak (worn)
 E - a +0 helmet (worn)
 N - a +2 chain mail of poison resistance (worn)
Jewellery
 I - an uncursed ring of fire
 J - an uncursed ring of fire
 M - a ring of poison resistance (left hand)
 O - a +5 ring of dexterity (right hand)
Wands
 B - a wand of polymorph (6)
 H - a wand of iceblast (19)
 K - a wand of flame (62)
Scrolls
 h - 2 scrolls of fear
 k - a scroll of identify
 n - 2 scrolls of remove curse
 x - 2 scrolls of enchant armour
 z - a scroll of enchant weapon
 A - a scroll of magic mapping
 C - a scroll of amnesia
 D - a scroll of blinking
Potions
 d - 3 potions of might
 e - a potion of lignification
 i - 7 potions of brilliance
 j - a potion of invisibility
 l - 4 potions of flight
 m - 9 potions of heal wounds
 p - 4 potions of ambrosia
 q - 2 potions of haste {unknown}
 r - a potion of agility {unknown}
 s - 2 potions of cancellation {unknown}
 u - 5 potions of curing
 F - a potion of magic {unknown}
Comestibles
 f - 16 rations


   Skills:
 + Level 8.1 Fighting
 + Level 10.2 Short Blades
 + Level 9.7 Armour
 + Level 9.0 Dodging
 + Level 9.7 Shields


You had 11 spell levels left.
You didn't know any spells.
Your spell library was empty.

Dungeon Overview and Level Annotations

Branches:
Dungeon (11/15)            Temple (1/1) D:6            Lair (0/6) D:10
    Orc (0/2) D:11          Sewer (visited)

Altars:
Ashenzari
Cheibriados
Dithmenos
Elyvilon
Fedhas
Gozag
Hepliaklqana
Kikubaaqudgha
Makhleb
Nemelex Xobeh
Okawaru
Ru
Sif Muna
Trog
Uskayaw
Vehumet
Wu Jian
Xom
Yredelemnul
Zin
The Shining One

Annotations:
D:5 3 runed translucent doors, BritishOli's ghost, amateur DsGl
D:8 1 runed translucent door, silin's ghost, novice OpEE


Innate Abilities, Weirdness & Mutations

You are small and have problems with some larger weapons.
You are somewhat resistant to further mutation.


Message History

The orc throws a stone.
The stone hits you but does no damage.
You see here a stone.
The orc throws a stone.
The stone hits you but does no damage.
You see here a stone.
The orc throws a stone.
The stone misses you.
The orc throws a stone.
The stone barely misses you.
The orc throws a stone.
You block the stone.
You can no longer pass through a line of other dancers.
You see here 2 stones.
The orc throws a stone.
You block the stone.
There is a stone staircase leading up, spattered with blood here.
You see here a stone.
The orc throws a stone.
The stone misses you. The yak gores you but does no damage.
You climb upwards.
The death yak gores you but does no damage.
The gnoll zaps a wand.
The puff of flame hits you.
* * * LOW HITPOINT WARNING * * *
The death yak gores you!
You die...

.#....##...........#YY#.#
./.... ########.......#.#
###.## ######Y#####.#.#
#.. #............#.# #..
#.......######Y# # .
#.....Y.# ##Y## ..
#.......#####.#Y##
..$#.......g.##.###.#
.........Y@#.###.#(##
..#.....Y.#?# ##.##
###....##.# #.#
.####.....)#)# #.#
#............# #Y#
#.###........####.#
#.###.#......Y..Y.# ###
.....#..#..^#.########.##
##..#..#...#.......#.#.##


You could see 3 death yaks, a yak and a gnoll.

Vanquished Creatures
  Harold (D:8)
  Erica (D:8)
  2 two-headed ogres
  An ugly thing (D:11)
  Maurice (D:8)
  A centaur zombie (D:10)
  Joseph (D:7)
  A kobold demonologist (D:9)
  A troll (D:11)
  Prince Ribbit (D:7)
  A hippogriff (D:11)
  5 yaks
  2 wraiths (D:11)
  Grum (D:8)
  5 orc warriors
  A porcupine (D:10)
  2 ice beasts
  2 phantoms
  2 sky beasts
  5 ogres
  2 necrophages
  A centaur (D:6)
  4 wolves
  18 big kobolds
  A bullfrog (D:7)
  3 scorpions
  3 killer bees (D:11)
  4 wights (D:11)
  2 howler monkeys
  An electric eel (D:8)
  4 crimson imps
  A hound (D:7)
  9 orc priests
  2 centaur skeletons (D:11)
  An iguana (D:10)
  13 orc wizards
  A hell rat (D:10)
  6 worker ants
  A hound zombie (D:11)
  2 hound skeletons
  3 worker ant zombies
  9 gnolls
  16 adders
  10 river rats
  2 shadow imps
  An adder skeleton (D:5)
  5 worms
  2 dart slugs
  7 leopard geckos
  55 orcs
  6 ball pythons
  6 giant cockroaches
  12 goblins
  7 hobgoblins
  17 jackals
  6 quokkas
  8 bats
  7 frilled lizards
  A jackal skeleton (D:8)
  39 kobolds
  A quokka zombie (D:5)
  21 rats
  A fungus (D:5)
358 creatures vanquished.

Vanquished Creatures (others)
  2 kobolds (D:9)
  6 toadstools (D:5)
  2 withered plants (D:8)
10 creatures vanquished.

Grand Total: 368 creatures vanquished

Notes
Turn   | Place    | Note
-------+----------+-------------------------------------------
     0 | D:1      | PentaManta the Halfling Fighter began the quest for the
                  | Orb.
     0 | D:1      | Reached XP level 1. HP: 15/15 MP: 1/1
    66 | D:1      | Reached XP level 2. HP: 6/20 MP: 2/2
  1275 | D:2      | Reached skill level 1 in Dodging
  1275 | D:2      | Reached XP level 3. HP: 20/25 MP: 3/3
  1663 | D:2      | Reached skill level 3 in Short Blades
  1773 | D:2      | Found a hazy altar of Hepliaklqana.
  1829 | D:2      | Reached XP level 4. HP: 29/31 MP: 4/4
  1849 | D:2      | Found a glowing golden altar of the Shining One.
  2471 | D:3      | Reached XP level 5. HP: 32/36 MP: 5/5
  2529 | D:3      | Found a radiant altar of Vehumet.
  2533 | D:3      | Found an opulent altar of Gozag.
  2808 | D:3      | Found a glowing drain.
  2812 | Sewer    | Entered a sewer
  3132 | Sewer    | Reached XP level 6. HP: 30/42 MP: 6/6
  3345 | Sewer    | Reached skill level 4 in Short Blades
  4164 | D:3      | Reached XP level 7. HP: 40/47 MP: 7/7
  4890 | D:4      | Reached skill level 5 in Shields
  5162 | D:4      | Reached skill level 5 in Armour
  5180 | D:4      | Reached skill level 5 in Short Blades
  5401 | D:4      | Reached XP level 8. HP: 54/54 MP: 8/8
  5879 | D:4      | Found a glowing golden altar of the Shining One.
  5900 | D:5      | Entered Level 5 of the Dungeon
  6443 | D:5      | Found a hide-covered altar of Uskayaw.
  6455 | D:5      | Noticed a +0 hand axe
  6455 | D:5      | Noticed a +0 dagger
  6471 | D:5      | Became a worshipper of Uskayaw the Reveler
  6518 | D:5      | Reached * piety under Uskayaw
  6629 | D:5      | Reached ** piety under Uskayaw
  6637 | D:5      | Reached *** piety under Uskayaw
  6657 | D:5      | Reached skill level 6 in Short Blades
  6697 | D:5      | Reached skill level 5 in Fighting
  6697 | D:5      | Reached XP level 9. HP: 27/61 MP: 9/9
  7144 | D:5      | Found a runed translucent gate.
  7144 | D:5      | Found a runed translucent gate.
  7144 | D:5      | Found a runed translucent gate.
  7145 | D:5      | Noticed BritishOli's ghost (amateur DsGl)
  7171 | D:5      | Found a bloodstained altar of Trog.
  7444 | D:6      | Reached skill level 5 in Dodging
  7457 | D:6      | Reached **** piety under Uskayaw
  7482 | D:6      | Found a staircase to the Ecumenical Temple.
  7511 | Temple   | Entered the Ecumenical Temple
  8098 | D:6      | Reached skill level 7 in Short Blades
  8166 | D:6      | Found a sacrificial altar of Ru.
  8186 | D:6      | Found a sparkling altar of Nemelex Xobeh.
  8332 | D:7      | Got a bloodstained leather armour
  8343 | D:7      | Identified the cursed +0 leather armour of Elitism {rElec
                  | rN+} (You found it on level 7 of the Dungeon)
  8643 | D:7      | Noticed Joseph
  8668 | D:7      | Killed Joseph
  8866 | D:7      | Reached XP level 10. HP: 68/68 MP: 10/10
  8882 | D:7      | Noticed Prince Ribbit
  8905 | D:7      | Killed Prince Ribbit
  9388 | D:8      | Found a runed translucent door.
  9388 | D:8      | Noticed silin's ghost (novice OpEE)
  9642 | D:8      | Noticed Harold
  9673 | D:8      | Killed Harold
  9673 | D:8      | Reached skill level 8 in Short Blades
  9994 | D:8      | Noticed Grum
 10315 | D:8      | Killed Grum
 10394 | D:8      | Noticed a two-headed ogre
 10415 | D:8      | Killed a two-headed ogre
 10511 | D:8      | Noticed Erica
 10539 | D:8      | Killed Erica
 10539 | D:8      | Reached XP level 11. HP: 24/75 MP: 11/11
 10570 | D:8      | Noticed Maurice
 10895 | D:8      | Killed Maurice
 10895 | D:8      | Reached skill level 9 in Short Blades
 11024 | D:8      | Found a shimmering blue altar of Sif Muna.
 11074 | D:8      | Found a burning altar of Makhleb.
 11301 | D:8      | Got an iridescent dagger
 11302 | D:8      | Identified the +3 dagger of Fixation {antimagic, rF++} (You
                  | found it on level 8 of the Dungeon)
 11344 | D:8      | Noticed a green death
 11817 | D:9      | Got a faintly glowing scale mail
 11828 | D:9      | Identified the +1 scale mail of Dithmenos's Pride {Str+3}
                  | (You found it on level 9 of the Dungeon)
 11923 | D:9      | Reached ***** piety under Uskayaw
 11994 | D:9      | Reached ****** piety under Uskayaw
 12222 | D:10     | Entered Level 10 of the Dungeon
 12222 | D:10     | Found a staircase to the Lair.
 12222 | D:10     | Noticed a death yak
 12222 | D:10     | Noticed a death yak
 12706 | D:11     | Found a staircase to the Orcish Mines.
 12735 | D:11     | Noticed a green ugly thing
 12778 | D:11     | Killed a green ugly thing
 12869 | D:11     | Noticed a two-headed ogre
 12886 | D:10     | Noticed a death yak
 13114 | D:11     | Noticed a two-headed ogre
 13119 | D:11     | Noticed a white ugly thing
 13160 | D:10     | Reached skill level 10 in Short Blades
 13679 | D:11     | Killed a two-headed ogre
 13679 | D:11     | Reached XP level 12. HP: 47/82 MP: 12/12
 13709 | D:10     | Slain by a death yak

Levels and vault maps discovered:
D:1:      saegor_arrival_simple_d, layout_loops_corners
D:2:      layout_rooms, nicolae_overflow_crystal_walls, tso_altar
D:3:      layout_loops_ring, grunt_temple_overflow_open, first_ration,
          gup_sewer_entry_spiral, glass_columns_b
D:4:      layout_loops_ring, kennysheep_mini
D:5:      corexii_shantytown, layout_basic, dancing_weapons_uskayaw,
          lightli_temple_of_fire, gammafunk_ghost_nasty_kobolds,
          grunt_ministairs_15, minmay_gold_behind_fungi
D:6:      layout_rooms, hangedman_ru_absence, kennysheep_mini_moat,
          minmay_temple_entry_sparse_star, minivault_24
D:7:      layout_layer_cave, uniq_prince_ribbit1, uniq_joseph
D:8:      layout_layer_cave, lemuel_crystal_altar, gammafunk_ghost_grave,
          fungi_pond_lemuel, makhleb_altar_promises_db, uniq_erica,
          uniq_maurice, uniq_grum, uniq_harold
D:9:      layout_roguey [special_room_kobold], lemuel_doored_altar, uniq_erolcha
D:10:     layout_loops_cross, dpeg_lair_monsters
D:11:     layout_big_octagon, hiddenorc1_lemuel, minivault_26
Temple:   nicolae_temple_no_exploring_needed

Skill      XL: |  1  2  3  4  5  6  7  8  9 10 11 12 |
---------------+-------------------------------------+-----
Dodging        | 1 2 3 4 6 7 8 9 |  9.0
Fighting       | 3 4 5 7 8 |  8.1
Short Blades   | 3 4 5 6 7 8 10 | 10.2
Shields        | 4 5 6 7 8 9 |  9.7
Armour         | 4 5 6 7 8 9 |  9.7

Action                   |  1- 3 |  4- 6 |  7- 9 | 10-12 || total
-------------------------+-------+-------+-------+-------++-------
Melee: Rapier            |    41 |   155 |    24 |   263 ||   483
       Dagger            |   185 |   281 |   708 |   587 ||  1761
Throw: Dart              |       |       |       |     3 ||     3
Invok: Line Pass         |       |       |       |     4 ||     4
  Use: Potion            |       |     1 |       |     3 ||     4
       Scroll            |       |     8 |     8 |     5 ||    21
 Stab: Paralysed         |       |       |     5 |    17 ||    22
       Distracted        |       |       |     1 |       ||     1
  Eat: Chunk             |     3 |     6 |    15 |     2 ||    26
       Ration            |       |     1 |       |     4 ||     5
Armor: Scale mail        |   114 |    35 |       |       ||   149
       Ring mail         |       |   112 |   138 |   106 ||   356
       Skin              |       |     6 |       |       ||     6
       Chain mail        |       |       |       |    80 ||    80
Dodge: Dodged            |   109 |   191 |   225 |   323 ||   848
Block: Shield            |   148 |   225 |   327 |   475 ||  1175

Table legend:
 A = Non-vault XP
 B = Vault XP
 C = Vault XP percentage of total XP
 D = Non-vault monster count
 E = Vault monster count
 F = Vault count percentage of total count
                 A         B        C        D         E       F
            +---------+---------+-------+---------+---------+-------
      Total |   10438 |    6436 |  38.1 |     210 |     147 |  41.2
            +---------+---------+-------+---------+---------+-------
        D:1 |      39 |       0 |   0.0 |      23 |       0 |   0.0
        D:2 |      59 |       0 |   0.0 |      20 |       0 |   0.0
        D:3 |     171 |      40 |  19.0 |      17 |       8 |  32.0
        D:4 |     639 |       0 |   0.0 |      23 |       0 |   0.0
        D:5 |     741 |     114 |  13.3 |      19 |      33 |  63.5
        D:6 |     913 |       0 |   0.0 |      35 |       0 |   0.0
        D:7 |     748 |     934 |  55.5 |      17 |       4 |  19.0
        D:8 |    1305 |    2682 |  67.3 |      14 |       6 |  30.0
        D:9 |     611 |    1944 |  76.1 |       9 |      27 |  75.0
       D:10 |     769 |     173 |  18.4 |       6 |       4 |  40.0
       D:11 |    4443 |     259 |   5.5 |      27 |      17 |  38.6
      Sewer |       0 |     290 | 100.0 |       0 |      48 | 100.0
            +---------+---------+-------+---------+---------+-------
